 Dungeon Crawl Stone Soup version 0.30-a0-696-g2367cd04db (webtiles) character file.

Game seed: 8701785118313895203

166 pokeman the Magician (level 5, -2/29 HPs)
             Began as a Deep Elf Hedge Wizard on Jan 20, 2023.
             Slain by a gnoll sergeant zombie
             ... wielding a +4 spear of venom
              (9 damage)
             ... on level 4 of the Dungeon.
             The game lasted 00:06:22 (4599 turns).

pokeman the Magician (Deep Elf Hedge Wizard)        Turns: 4599, Time: 00:06:23

Health: -2/29      AC:  2    Str:  7    XL:     5   Next: 22%
Magic:  4/15       EV: 13    Int: 21    God:
Gold:   224        SH:  0    Dex: 14    Spells: 8/16 levels left

rFire   . . .      SeeInvis .    g - +0 short sword (drain)
rCold   . . .      Faith    .    (no shield)
rNeg    . . .      Spirit   .    b - +0 robe
rPois   .          Reflect  .    c - +0 hat
rElec   .          Harm     .    (no cloak)
rCorr   .          Rampage  .    (no gloves)
Will    .....                    (no boots)
Stlth   ++                       (no amulet)
HPRegen 0.24/turn                (no ring)
MPRegen 0.14/turn                (no ring)

@: lethally poisoned (-2 -> -10)
A: no striking features
a: no special abilities


You were on level 4 of the Dungeon.
You visited 1 branch of the dungeon, and saw 4 of its levels.

You collected 224 gold pieces.

Inventory:

Hand Weapons
 g - a +0 short sword of draining (weapon)
Armour
 b - a +0 robe (worn)
 c - a +0 hat (worn)
 l - a +0 buckler
Wands
 j - a wand of charming (9)
Scrolls
 a - a scroll of enchant armour {unknown}
 h - a scroll of acquirement {unknown}
 n - a scroll of blinking {unknown}
 o - a scroll of noise {unknown}
 p - 3 scrolls of identify {unknown}
Potions
 d - 2 potions of magic
 e - 2 potions of heal wounds
 f - 3 potions of curing
 i - a potion of might {unknown}
 k - a potion of mutation {unknown}
 m - 4 potions of flight {unknown}
 q - a potion of invisibility {unknown}
 r - a potion of resistance


   Skills:
 - Level 1.0 Fighting
 - Level 1.0 Armour
 + Level 3.0 Dodging
 - Level 3.0 Stealth
 + Level 0.3 Shields
 * Level 6.1 Spellcasting
 + Level 2.6 Conjurations
 - Level 1.1 Summonings
 - Level 1.1 Translocations


You had 8 spell levels left.
You knew the following spells:

 Your Spells              Type           Power      Damage    Failure   Level
a - Magic Dart            Conj           68%        1d6       3%          1
b - Mephitic Cloud        Conj/Pois/Air  10%        N/A       21%         3
c - Call Imp              Summ           11%        N/A       10%         2
d - Blink                 Tloc           22%        N/A       10%         2

Your spell library contained the following spells:

 Spells                   Type           Power      Damage    Failure   Level
 Sandblast                Erth           12%        2d6       10%         1
 Slow                     Hex            24%        N/A       10%         1
 Cigotuvi's Dreadful Rot  Necr/Pois/Air  12%        N/A       14%         2
 Dazzling Flash           Conj/Hex       24%        N/A       17%         3
 Kindle Blastsparks       Fire/Tloc/Air  16%        2d11      26%         3
 Confusing Touch          Hex            6%         N/A       28%         3
 Ignite Poison            Fire/Tmut/Pois 6%         N/A       28%         3
 Vampiric Draining        Necr           6%         2d6       28%         3
 Freezing Cloud           Conj/Ice/Air   5%         6-21      88%         5
 Yara's Violent Unravell  Hex/Tmut       3%         3d4       95%         5
 Conjure Ball Lightning   Conj/Air       6%         3x3d6     100%        6
 Enfeeble                 Hex            3%         N/A       100%        7
 Shatter                  Erth           3%         3d7*      100%        9


Dungeon Overview and Level Annotations

Branches:
Dungeon (4/15)
 Temple: D:4-7

Altars:

Annotations:
D:4 1 transporter


Message History

Press: ? - help, Shift-Dir - straight line, f/p - gnoll sergeant zombie
Aim: a gnoll sergeant zombie, wielding a +0 spear of venom (poison gas, severely damaged, ally target, 100% to hit)
The magic dart hits the gnoll sergeant zombie.
The gnoll sergeant zombie is severely damaged.
You feel very sick. The gnoll sergeant zombie misses you.
The gnoll sergeant zombie closely misses you.
* * * LOW HITPOINT WARNING * * *
You feel very sick.
It was a potion of curing.
You feel better.
Your crimson imp hits the gnoll sergeant zombie.
Casting: Magic Dart (safe; 3% risk of failure)
Confirm with . or Enter, or press ? or * to list all spells.
Aiming: Magic Dart (safe; 3% risk of failure)
Press: ? - help, Shift-Dir - straight line, f/p - gnoll sergeant zombie
Aim: a gnoll sergeant zombie, wielding a +0 spear of venom (almost destroyed, ally target, 100% to hit)
The magic dart hits the gnoll sergeant zombie.
The gnoll sergeant zombie is almost destroyed.
The gnoll sergeant zombie hits you from afar with a +0 spear of venom.
You are lethally poisoned!
The gnoll sergeant zombie misses you.
Your crimson imp blinks!
Casting: Magic Dart (safe; 3% risk of failure)
Confirm with . or Enter, or press ? or * to list all spells.
Aiming: Magic Dart (safe; 3% risk of failure)
Press: ? - help, Shift-Dir - straight line, f/p - gnoll sergeant zombie
Aim: a gnoll sergeant zombie, wielding a +0 spear of venom (almost destroyed, ally target, 100% to hit)
The magic dart hits the gnoll sergeant zombie.
You destroy the gnoll sergeant zombie!
You feel very sick. The gnoll sergeant zombie misses you.
Your crimson imp blinks!
Casting: Magic Dart (safe; 3% risk of failure)
Confirm with . or Enter, or press ? or * to list all spells.
A beastly little devil appears in a puff of flame.
* * * LOW HITPOINT WARNING * * *
You feel sick.
Your crimson imp disappears in a puff of smoke!
The gnoll sergeant zombie hits you from afar with a +4 spear of venom!
You die...

#.#####################..
#.....# #.. #####.# #..
#.# ####### #.#
########.°○☼○# #.#
#.○○○°○#.○°○○# #.#
####°.○☼☼.#○°○°.#### #.#
##..#°○#.#§☼☼○.$$#..###.#
#..©#○°©@.)°☼☼§$©#©..##.#
#...#○5#.#Z°○○.$?#...##.#
#...#☼.°☼°.#°☼☼☼○#......#
#.###.○°☼°°#.○○☼°#.###...
#..#########.○○○○#.##).)#
##.##.# #######.#..#..
#....# #.#.#.#....#
###..# #.....#.#.## #.##
#.......#.#


You could see a gnoll sergeant zombie (ally target) and a friendly crimson imp
(summoned).

Vanquished Creatures
  A jelly (D:3)
  An iguana (D:4)
  A gnoll zombie (D:4)
  3 adders
  2 worms
  3 dart slugs
  7 orcs
  6 bats
  2 endoplasms (D:1)
  2 giant cockroaches (D:1)
  4 goblins
  5 hobgoblins
  2 quokkas
  4 ball pythons
  5 frilled lizards
  8 kobolds
  5 rats (D:1)
61 creatures vanquished.

Notes
Turn   | Place    | Note
-------+----------+-------------------------------------------
     0 | D:1      | pokeman the Deep Elf Hedge Wizard began the quest for the
                  | Orb.
     0 | D:1      | Reached XP level 1. HP: 10/10 MP: 7/7
   342 | D:1      | Reached XP level 2. HP: 16/16 MP: 2/9
   904 | D:1      | Reached skill level 5 in Spellcasting
  1024 | D:1      | Got the Vellum of the Radiant Volcano
  1225 | D:2      | Reached XP level 3. HP: 10/20 MP: 2/11
  1229 | D:2      | Learned a level 3 spell: Mephitic Cloud
  1232 | D:2      | Learned a level 2 spell: Call Imp
  1235 | D:2      | Learned a level 2 spell: Blink
  2482 | D:3      | Reached skill level 1 in Fighting
  2482 | D:3      | Reached skill level 1 in Armour
  2638 | D:3      | Found a faded altar of an unknown god.
  2715 | D:3      | Reached XP level 4. HP: 25/25 MP: 5/13
  3721 | D:4      | Reached skill level 6 in Spellcasting
  3730 | D:4      | Reached XP level 5. HP: 16/29 MP: 0/15
  3898 | D:4      | Found a transporter.
  4502 | D:4      | Found a transporter.
  4599 | D:4      | Slain by a gnoll sergeant zombie

Illustrated notes

Levels and vault maps discovered:
D:1:      heliophobic_arrival_battle_scene, layout_basic
D:2:      layout_loops_corners
D:3:      layout_basic, shapermc_ecumenical_altar_flowoftime,
          corexii_item_surrounded_by_moat
D:4:      gammafunk_cloud_chamber, layout_loops_ring

Skill      XL: |  1  2  3  4  5 |
---------------+----------------+-----
Spellcasting   | 5 6 |  6.1
Fighting       | 1 |  1.0
Armour         | 1 |  1.0
Conjurations   | 2 |  2.6
Stealth        | 3 |  3.0
Dodging        | 3 |  3.0
Shields        | |  0.3
Summonings     | |  1.1
Translocations | |  1.1

Action                   |  1- 3 |  4- 6 || total
-------------------------+-------+-------++-------
Melee: Short sword       |     6 |     8 ||    14
 Cast: Magic Dart        |   101 |    68 ||   169
       Mephitic Cloud    |     1 |     3 ||     4
       Blink             |       |    17 ||    17
       Call Imp          |       |     2 ||     2
  Use: Potion            |       |     2 ||     2
 Stab: Confused          |       |     2 ||     2
Armor: Robe              |     3 |       ||     3
Dodge: Dodged            |    17 |    10 ||    27

Table legend: (Time is in decaauts)
 A = Elapsed time spent in this place.
 B = Non-inter-level travel time spent in this place.
 C = Inter-level travel time spent in this place.
 D = Time resting spent in this place.
 E = Time spent auto-exploring this place.
 F = Levels seen in this place.
 G = Mean time per level.
                   A        B        C        D        E       F      G
               +--------+--------+--------+--------+--------+-----+--------+
         Total |   4597 |   4489 |    108 |    162 |   3816 |   4 | 1149.2 |
       Dungeon |   4597 |   4489 |    108 |    162 |   3816 |   4 | 1149.2 |
               +--------+--------+--------+--------+--------+-----+--------+

Top non-repeatable levels by time:
     D:3: 1494 daAuts
     D:1: 1214 daAuts
     D:2: 974 daAuts
     D:4: 913 daAuts
